 Dungeon Crawl Stone Soup version 0.29.0-11-gd7f09526c8 (webtiles) character file.

Game seed: 6802538183162930835

77 oldmanjim the Changer (level 4, -7/21 HPs)
             Began as a Spriggan Transmuter on Sept 4, 2022.
             Killed from afar by a white imp (11 damage)
             ... with a puff of frost
             ... summoned by Natasha
             ... on level 2 of the Dungeon.
             The game lasted 00:15:10 (2940 turns).

oldmanjim the Changer (Spriggan Transmuter)         Turns: 2940, Time: 00:15:11

Health: -7/21      AC:  2    Str:  6    XL:     4   Next: 13%
Magic:  8/11       EV: 20    Int: 16    God:
Gold:   78         SH:  0    Dex: 20    Spells: 7/11 levels left

rFire   . . .      SeeInvis +     - Unarmed
rCold   . . .      Faith    .   (shield currently unavailable)
rNeg    . . .      Spirit   .   (body armour currently unavailable)
rPois   x          Reflect  .   (helmet currently unavailable)
rElec   .          Harm     .   (cloak currently unavailable)
rCorr   .          Rampage  .   (gloves unavailable)
Will    .....                   (boots unavailable)
Stlth   ++........              (no amulet)
HPRegen 0.07/turn               (no ring)
MPRegen 0.12/turn               (no ring)

@: spider-form
A: venomous fangs, tiny, no large weapons, unfitting armour, see invisible,
(speed 3)
a: End Transformation


You were on level 2 of the Dungeon.
You were a venomous arachnid creature.
You visited 1 branch of the dungeon, and saw 2 of its levels.

You collected 78 gold pieces.

Inventory:

Hand Weapons
 f - a +0 dagger
Missiles
 d - 6 stones (quivered)
Armour
 a - a +1 robe (melded)
Jewellery
 g - a ring of ice
Scrolls
 h - a scroll of enchant armour
 j - a scroll of poison {unknown}
 k - a scroll of acquirement {unknown}
Potions
 b - a potion of lignification
 c - 3 potions of heal wounds
 e - a potion of might {unknown}


   Skills:
 - Level 0.7 Fighting
 - Level 3.0 Dodging
 - Level 2.4 Unarmed Combat
 - Level 4.0 Spellcasting
 + Level 4.7 Transmutations
 + Level 0.3 Poison Magic


You had 7 spell levels left.
You knew the following spells:

 Your Spells              Type           Power      Damage    Failure   Level
a - Beastly Appendage     Tmut           36%        N/A       10%         1
b - Spider Form           Tmut/Pois      11%        N/A       38%         3

Your spell library contained the following spells:

 Spells                   Type           Power      Damage    Failure   Level
 Wereblood                Tmut           18%        N/A       12%         2
 Ice Form                 Ice/Tmut       10%        N/A       75%         4


Dungeon Overview and Level Annotations

Branches:
Dungeon (2/15)

Altars:

Annotations:
D:2 Natasha


Innate Abilities, Weirdness & Mutations

You are a venomous arachnid creature.
You have poisonous fangs.
You are tiny and dextrous.
Your spellcasting is less reliable in this form.
Your armour is entirely melded.
You are incapable of wielding weapons or throwing items.
You are very small and have problems with some larger weapons.
You are too small for most types of armour.
You have supernaturally acute eyesight. (SInv)
((You cover ground extremely quickly. (Speed+++)))


Message History

You feel sick. The adder misses you.
Unknown command.
You barely miss the adder. Your headbutt misses the adder.
The adder is severely wounded.
You feel sick. The adder completely misses you.
You closely miss the adder.
The adder is severely wounded.
You feel sick.
You are no longer poisoned.
The adder bites you.
You hit the adder.
You headbutt the adder, but do no damage.
The adder is almost dead.
The adder completely misses you.
You hit the adder.
You kill the adder!
Your transformation is almost over.
A dart slug is nearby!
Your horns disappear.
Your talons disappear.
Natasha, Servant of Life and Death comes into view.
Natasha growls.
Natasha casts a spell.
Natasha mumbles some strange words.
You barely miss the white imp. The white imp hits you.
The white imp freezes you.
Casting: Beastly Appendage (safe; 2% risk of failure)
Confirm with . or Enter, or press ? or * to list all spells.
The spell is extremely dangerous to miscast (19% risk of failure)!
Continue anyway? [Y]es or [N]o only, please.
The spell is extremely dangerous to miscast (19% risk of failure)!
Continue anyway?
You turn into a venomous arachnid creature.
Your +1 robe melds into your body.
The white imp gestures at you. The puff of frost hits you!
* * * LOW HITPOINT WARNING * * *
The white imp attacks as you move away! The white imp misses you.
The white imp gestures at you. The puff of frost hits you!
Ouch! That really hurt!
You die...

#.#.# #.#######..# #.#.#
#...........
########.#.#################.#.
#...............[... ..........
#.######.#.#################.#.
#.######.#.# #............##.#.
#..........# #h#####h#w#.....#.
#..........# #.#.....#.#######.
#..........# #s#.....#...w.....
#..........# #.#...#h#..#####..
#..........###5#####.#..# #..
#......#.#.........5....# #..
######.#.#####.#####....# #.w
#................h......# #.. .
#.##.รท.#.####...........## #..
.. +....................># #..
..####...#.#.##...........##
#..


You could see Natasha and a white imp (summoned).

Vanquished Creatures
  Natasha (D:2)
  An adder (D:2)
  A worm (D:2)
  4 endoplasms
  6 giant cockroaches (D:1)
  2 goblins
  A quokka (D:1)
  5 ball pythons
  9 bats
  6 kobolds
  5 rats
41 creatures vanquished.

Notes
Turn   | Place    | Note
-------+----------+-------------------------------------------
     0 | D:1      | oldmanjim the Spriggan Transmuter began the quest for the
                  | Orb.
     0 | D:1      | Reached XP level 1. HP: 9/9 MP: 5/5
   652 | D:1      | Reached XP level 2. HP: 14/14 MP: 4/7
  1971 | D:1      | Reached XP level 3. HP: 13/17 MP: 7/9
  1975 | D:1      | Learned a level 3 spell: Spider Form
  2584 | D:2      | Noticed Natasha
  2600 | D:2      | Killed Natasha
  2613 | D:2      | Reached XP level 4. HP: 6/21 MP: 11/11
  2903 | D:2      | Noticed Natasha
  2940 | D:2      | Killed from afar by a white imp

Illustrated notes

Levels and vault maps discovered:
D:1:      lightli_arrival_lavapool, layout_loops_ring
D:2:      layout_basic, corexii_item_surrounded_by_moat, uniq_natasha

Skill      XL: |  1  2  3 |
---------------+----------+-----
Dodging        | 3 |  3.0
Transmutations | 3 4 |  4.7
Spellcasting   | 3 4 |  4.0
Fighting       | |  0.7
Unarmed Combat | |  2.4
Poison Magic   | |  0.3

Action                   |  1- 3 |  4- 6 || total
-------------------------+-------+-------++-------
Melee: Unarmed           |   105 |     9 ||   114
       Kick              |    27 |     1 ||    28
       Headbutt          |    16 |     2 ||    18
       Punch             |     1 |       ||     1
Throw: Stone             |     9 |       ||     9
       Dart              |     3 |       ||     3
 Cast: Beastly Appendage |    33 |     1 ||    34
       Spider Form       |       |     1 ||     1
  Use: Scroll            |     2 |       ||     2
Armor: Robe              |    24 |       ||    24
Dodge: Dodged            |    90 |     8 ||    98
